[Event "fics rated crazyhouse match"]
[Site "fics, Oklahoma City, OK USA"]
[Date "2000.03.16"]
[White "XXNoWay"]
[WhiteElo "2437"]
[Black "Thufir"]
[BlackElo "2296"]
[TimeControl "60+0"]
[Result "1-0"]

1. e4 e6 2. Nc3 d6 3. Nf3 Nf6 4. d4 Be7 5. Bd3 Nc6 6. O-O 
e5 7. dxe5 Nxe5 8. Nxe5 dxe5 9. P@f5 P@d4 10. Nd5 N@c5 11. Nxe7 Qxe7 
12. Bg5 Nxd3 13. cxd3 N@f4 14. B@h4 Rg8 15. N@g4 h6 16. Bxf6 gxf6 17. Nxf6+ 
Qxf6 18. Bxf6 Rxg2+ 19. Kh1 Rxh2+ 20. Kxh2 N@c6 21. R@g8+ B@f8 22. P@g7 Kd7 
23. gxf8=Q P@g3+ 24. fxg3 B@e7 25. B@e8+ Kd6 26. Bxe7+ Nxe7 27. N@c4+ Kc5 28. Q@b5# 
{Thufir checkmated} 1-0

[Event "fics rated crazyhouse match"]
[Site "fics, Oklahoma City, OK USA"]
[Date "2000.03.16"]
[White "venomous"]
[WhiteElo "2492"]
[Black "spurs"]
[BlackElo "2304"]
[TimeControl "60+0"]
[Result "1-0"]

1. e4 e6 2. d4 d6 3. Be3 Be7 4. Bd3 Bd7 5. Nf3 Nf6 6. Nc3 
Nc6 7. O-O O-O 8. Qe2 Ng4 9. Rae1 e5 10. d5 Nb8 11. Bc4 Bc8 
12. Bc1 Nd7 13. h3 Ngf6 14. a4 Nc5 15. b4 Ncd7 16. a5 Re8 17. Ng5 
Nf8 18. Nxf7 Kxf7 19. P@e6+ Kg8 20. f4 exf4 21. Bxf4 Kh8 22. Bg5 Ng6 
23. Bxf6 Bxf6 24. N@f7+ Kg8 25. Nxd8 Rxd8 26. P@f7+ Kh8 27. a6 B@d4+ 28. Rf2 
P@g3 29. axb7 gxf2+ 30. Kh2 fxe1=Q 31. Q@g8+ Rxg8 32. fxg8=Q+ Kxg8 33. P@f7+ Kf8 
34. R@e8# 
{spurs checkmated} 1-0

[Event "fics rated crazyhouse match"]
[Site "fics, Oklahoma City, OK USA"]
[Date "2000.03.16"]
[White "Tecumseh"]
[WhiteElo "2193"]
[Black "Eyefor"]
[BlackElo "2390"]
[TimeControl "180+0"]
[Result "0-1"]

1. e4 e6 2. d4 d5 3. exd5 exd5 4. Nf3 Nc6 5. Nc3 P@e4 6. Ne5 
Nge7 7. Be2 Be6 8. h4 Nxe5 9. dxe5 N@d7 10. Bf4 Ng6 11. Bg5 Be7 
12. Bxe7 Nxe7 13. P@f6 gxf6 14. N@g7+ Kf8 15. B@h6 Kg8 16. exf6 Nxf6 17. Nxe6 
fxe6 18. P@g7 Nf5 19. gxh8=Q+ Kxh8 20. Bg5 B@d4 21. Bxf6+ Qxf6 22. N@g4 Bxc3+ 
23. bxc3 Qxc3+ 24. Kf1 N@g3+ 25. fxg3 Nxg3+ 26. Kg1 Nxe2+ 27. Qxe2 Qxa1+ 28. R@f1 
B@d4+ 29. B@e3 Bxe3+ 30. Nxe3 P@h2+ 31. Rxh2 N@g3 32. N@f7+ Kg8 33. Nh6+ Kg7 
34. Qg4+ R@g6 35. Qxg6+ hxg6 36. R@f7+ Kh8 37. P@g7+ Qxg7 38. Rxg7 P@f2+ 39. Rxf2 
Q@e1+ 40. B@f1 Qxf2+ 41. Kxf2 B@g1+ 42. Kxg1 P@f2+ 43. Kxf2 B@g1+ 44. Kxg1 P@f2+ 
45. Kxf2 R@f6+ 46. B@f3 Rxf3+ 47. gxf3 Kxg7 48. Q@f7+ Kxh6 
{Tecumseh forfeits on time} 0-1

[Event "fics rated crazyhouse match"]
[Site "fics, Oklahoma City, OK USA"]
[Date "2000.03.16"]
[White "Thufir"]
[WhiteElo "2291"]
[Black "XXNoWay"]
[BlackElo "2442"]
[TimeControl "60+0"]
[Result "1-0"]

1. e4 e6 2. d4 Nf6 3. e5 Nd5 4. Nc3 Nc6 5. Nxd5 exd5 6. Bb5 
d6 7. Qe2 Be7 8. N@h5 Rg8 9. exd6 cxd6 10. P@f6 P@e4 11. fxe7 Bd7 
12. exd8=Q+ Kxd8 13. Bxc6 Bxc6 14. B@h4+ P@f6 15. N@f5 B@a6 16. Q@e7+ Kc8 17. Nxd6# 
{XXNoWay resigns} 1-0

[Event "fics rated crazyhouse match"]
[Site "fics, Oklahoma City, OK USA"]
[Date "2000.03.16"]
[White "spurs"]
[WhiteElo "2300"]
[Black "venomous"]
[BlackElo "2496"]
[TimeControl "60+0"]
[Result "0-1"]

1. d4 e6 2. Nf3 Nc6 3. Nc3 Nf6 4. Bg5 Be7 5. e3 d5 6. Bxf6 
Bxf6 7. Bb5 O-O 8. Bxc6 bxc6 9. N@h5 B@g4 10. Nxf6+ Qxf6 11. B@e5 Qe7 
12. h3 Bh5 13. N@f4 Bg6 14. h4 f6 15. Nxg6 hxg6 16. Bg3 N@f5 17. h5 
gxh5 18. Rxh5 B@g6 19. Rh3 P@g4 20. P@h5 gxh3 21. hxg6 hxg2 22. B@h7+ Kh8 
23. Kd2 N@c4+ 24. Kc1 Rb8 25. Rb1 R@h6 26. B@e5 fxe5 27. Bxe5 P@f6 28. P@g5 
Rh1 29. gxf6 gxf6 30. Bxf6+ Qxf6 31. P@g5 Rxd1+ 32. Nxd1 P@d2+ 33. Nxd2 Qxg5 
34. P@f4 Qh5 35. R@g8+ Rxg8 36. Bxg8 Qxd1+ 37. Kxd1 g1=Q+ 38. R@e1 Qxe1+ 39. Kxe1 
Q@g1+ 40. Ke2 B@g4# 
{spurs forfeits on time} 0-1

[Event "fics rated crazyhouse match"]
[Site "fics, Oklahoma City, OK USA"]
[Date "2000.03.16"]
[White "XXNoWay"]
[WhiteElo "2431"]
[Black "Thufir"]
[BlackElo "2302"]
[TimeControl "60+0"]
[Result "0-1"]

1. e4 e6 2. Nc3 Nc6 3. Nf3 d6 4. Bb5 Nf6 5. d4 Be7 6. O-O 
O-O 7. e5 Nd5 8. exd6 cxd6 9. P@h6 gxh6 10. Bxh6 Nxc3 11. bxc3 N@f5 
12. Bxf8 Qxf8 13. P@e4 Nh6 14. Bxc6 bxc6 15. N@h5 B@g4 16. N@f6+ Bxf6 17. Nxf6+ 
Kh8 18. Nxg4 Nxg4 19. R@g5 B@f6 20. Rxg4 N@h6 21. B@g7+ Bxg7 22. Rxg7 Qxg7 
23. N@h5 N@h3+ 24. Kh1 P@g4 25. B@h4 gxf3 26. Qxf3 B@g4 27. B@f6 R@g6 28. Bxg7+ 
Rxg7 29. Bf6 B@f8 30. Bxg7+ Bxg7 31. R@e8+ B@g8 32. Nxg7 Bxf3 33. Rxg8+ Nxg8 
34. Q@g3 R@g6 35. Nh5 Bxh5 36. B@g7+ Rxg7 37. Qxg7+ Kxg7 38. B@e5+ P@f6 39. P@h6+ 
Nxh6 40. R@e8 Q@g1# 
{XXNoWay forfeits on time} 0-1

[Event "fics rated crazyhouse match"]
[Site "fics, Oklahoma City, OK USA"]
[Date "2000.03.16"]
[White "Thufir"]
[WhiteElo "2313"]
[Black "XXNoWay"]
[BlackElo "2420"]
[TimeControl "60+0"]
[Result "1-0"]

1. e4 e6 2. d4 Nf6 3. e5 Nd5 4. Nf3 Nc6 5. Be2 d6 6. O-O 
Be7 7. c4 Nb6 8. exd6 cxd6 9. Be3 f5 10. d5 Ne5 11. Nxe5 dxe5 
12. N@h5 O-O 13. P@h6 g6 14. dxe6 Qc7 15. P@f7+ Rxf7 16. exf7+ Kxf7 17. R@g7+ 
Kf8 18. Bxb6 Qxb6 19. Rxe7 Kxe7 20. N@d5+ Kf7 21. Nxb6 gxh5 22. Bxh5+ P@g6 
23. Q@g7+ Ke8 24. P@f7# 
{XXNoWay resigns} 1-0

[Event "fics rated crazyhouse match"]
[Site "fics, Oklahoma City, OK USA"]
[Date "2000.03.16"]
[White "venomous"]
[WhiteElo "2500"]
[Black "spurs"]
[BlackElo "2296"]
[TimeControl "60+0"]
[Result "1-0"]

1. e4 e6 2. d4 d5 3. e5 Ne7 4. Nh3 Nf5 5. Be3 Nxe3 6. fxe3 
Bb4+ 7. c3 Be7 8. Bd3 B@e4 9. Bxe4 dxe4 10. O-O B@f5 11. B@g4 Bg5 
12. Bxf5 Bxe3+ 13. Kh1 exf5 14. N@h5 Rg8 15. B@f6 gxf6 16. Nxf6+ Qxf6 17. exf6 
Nc6 18. d5 P@f3 19. Rxf3 exf3 20. Qxf3 R@e1+ 21. Q@f1 Rxf1+ 22. Qxf1 B@a6 
23. dxc6 Bxf1 24. P@d7+ Bxd7 25. cxd7+ Kxd7 26. N@e5+ Ke6 27. R@e7+ Kxf6 28. Rxf7+ 
Kxe5 29. B@d4+ Bxd4 30. cxd4+ Kxd4 31. B@c3+ Kd3 32. Nf2+ Kc2 33. Na3# 
{spurs checkmated} 1-0

[Event "fics rated crazyhouse match"]
[Site "fics, Oklahoma City, OK USA"]
[Date "2000.03.16"]
[White "spurs"]
[WhiteElo "2292"]
[Black "venomous"]
[BlackElo "2504"]
[TimeControl "60+0"]
[Result "0-1"]

1. d4 e6 2. Nf3 Nc6 3. e4 Nf6 4. Bb5 Bb4+ 5. c3 Be7 6. e5 
Nd5 7. Bxc6 bxc6 8. O-O Ba6 9. Re1 B@h5 10. Nbd2 d6 11. exd6 cxd6 
12. P@e2 Nf4 13. N@g3 Bxf3 14. exf3 N@d3 15. Nde4 Nxe1 16. Bxf4 Nxg2 17. Kxg2 
P@e2 18. Nxe2 Bxe2 19. Qxe2 N@h4+ 20. Kg1 P@g2 21. N@g3 f5 22. P@f7+ Kxf7 
23. Nxd6+ Bxd6 24. N@g5+ Qxg5 25. Bxg5 N@h3# 
{spurs checkmated} 0-1

[Event "fics rated crazyhouse match"]
[Site "fics, Oklahoma City, OK USA"]
[Date "2000.03.16"]
[White "XXNoWay"]
[WhiteElo "2410"]
[Black "Thufir"]
[BlackElo "2323"]
[TimeControl "60+0"]
[Result "0-1"]

1. e4 e6 2. Nc3 d6 3. Nf3 Be7 4. d4 Nf6 5. Bd3 Nc6 6. O-O 
e5 7. d5 Nb8 8. Bg5 O-O 9. h3 c6 10. dxc6 bxc6 11. Bxf6 Bxf6 
12. N@h5 B@g6 13. Nxf6+ gxf6 14. P@h6 N@e6 15. B@f5 P@g7 16. Bxe6 Bxe6 17. hxg7 
Kxg7 18. P@f5 B@h6 19. fxe6 fxe6 20. B@f5 exf5 21. exf5 P@d4 22. fxg6 B@d7 
23. N@h5+ Kh8 24. Ne4 P@g7 25. gxh7 Be8 26. Nexf6 Bxh5 27. Nxh5 N@f4 28. Nxf4 
Bxf4 29. N@g6+ Kxh7 30. Nxf4+ Kg8 31. P@h7+ Kf7 32. B@h4 P@f6 33. B@h5+ Ke7 
34. Ng6+ Kd7 35. B@f5+ Kc7 36. Nxf8 Qxf8 37. R@f7+ Qxf7 38. Bxf7 R@d8 39. P@e7 
Na6 40. exd8=Q+ Rxd8 41. R@e7+ N@d7 42. Rxd7+ Rxd7 43. Bxd7 R@b7 44. Q@c8+ Kb6 
45. P@a5+ Kxa5 46. N@c4+ Ka4 
{XXNoWay forfeits on time} 0-1

[Event "fics rated crazyhouse match"]
[Site "fics, Oklahoma City, OK USA"]
[Date "2000.03.16"]
[White "venomous"]
[WhiteElo "2508"]
[Black "spurs"]
[BlackElo "2288"]
[TimeControl "60+0"]
[Result "1-0"]

1. e4 e6 2. d4 d5 3. e5 Ne7 4. Nh3 Nf5 5. Be3 Be7 6. Bd3 
Bd7 7. O-O Nxe3 8. fxe3 B@f5 9. Bxf5 exf5 10. N@h5 Rg8 11. N3f4 B@g4 
12. B@e2 Bg5 13. Nc3 Bxf4 14. Nxf4 N@e4 15. Ncxd5 Bxe2 16. Qxe2 B@c6 17. P@e7 
Qc8 18. B@b3 Bxd5 19. Bxd5 Be6 20. Nxe6 fxe6 21. Bxe4 fxe4 22. B@f7+ Kxe7 
23. Bxg8 Qxg8 24. R@f7+ Qxf7 25. Rxf7+ Kxf7 26. N@h8+ Ke7 27. Q@f7+ Kd8 28. B@e7+ 
Kc8 29. Qxe6+ P@d7 30. Qg8# 
{spurs resigns} 1-0

[Event "fics rated crazyhouse match"]
[Site "fics, Oklahoma City, OK USA"]
[Date "2000.03.16"]
[White "Thufir"]
[WhiteElo "2333"]
[Black "XXNoWay"]
[BlackElo "2400"]
[TimeControl "60+0"]
[Result "1-0"]

1. e4 e6 2. Nc3 Nf6 3. d4 d5 4. exd5 Nxd5 5. Bd3 Bb4 6. Bd2 
Bxc3 7. bxc3 N@f4 8. Bxf4 Nxf4 9. B@f1 B@c6 10. P@f3 B8d7 11. Qd2 Qg5 
12. N@e3 O-O 13. Rb1 Na6 14. Bxa6 bxa6 15. Bxa6 Nxg2+ 16. Nxg2 Qxg2 17. N@g3 
Bxf3 18. N@e3 Qxh1 19. Qd3 N@g2+ 20. Kd2 Nxe3 21. fxe3 Qg2+ 22. P@e2 B@e4 
23. Qc4 P@d5 24. Qb3 P@c4 25. Qb2 P@d3 26. cxd3 cxd3 27. Bxd3 Bxd3 28. Kxd3 
Be4+ 29. Nxe4 Qxe4+ 30. Kd2 N@c4+ 31. Kd1 Nxb2+ 32. Rxb2 R@f1+ 33. B@e1 Q@a1+ 
34. B@c1 P@c2+ 35. Rxc2 Qxc2+ 36. Kxc2 R@b2+ 37. Bxb2 N@a3+ 38. Kb3 Qxa2+ 39. Kxa2 
B@c4+ 40. Ka1 P@b3 41. R@h8# 
{XXNoWay forfeits on time} 1-0

[Event "fics rated crazyhouse match"]
[Site "fics, Oklahoma City, OK USA"]
[Date "2000.03.16"]
[White "spurs"]
[WhiteElo "2284"]
[Black "venomous"]
[BlackElo "2512"]
[TimeControl "60+0"]
[Result "0-1"]

1. d4 e6 2. Bg5 Nc6 3. Bxd8 Nxd8 4. e4 Nf6 5. Nc3 Bb4 6. Bd3 
Nc6 7. Ne2 B@h5 8. f3 d6 9. O-O Bd7 10. Nb5 Rc8 11. e5 dxe5 
12. dxe5 Nxe5 13. Nbd4 Nxd3 14. Qxd3 Bc5 15. P@f2 O-O 16. N@g5 Bg6 17. Qd2 
B@h6 18. f4 Bxd4 19. Qxd4 Bc6 20. B@e7 P@f3 21. Bxf6 gxf6 22. Qxf6 B@g7 
23. N@e7+ Kh8 24. Nxg6+ fxg6 25. Nf7+ Rxf7 26. Qxf7 fxg2 27. R@e8+ Rxe8 28. Qxe8+ 
Bxe8 29. R@f8+ Bxf8 30. B@f6+ P@g7 31. P@f7 Q@h1# 
{spurs checkmated} 0-1

[Event "fics rated crazyhouse match"]
[Site "fics, Oklahoma City, OK USA"]
[Date "2000.03.16"]
[White "XXNoWay"]
[WhiteElo "2390"]
[Black "Bobeskillz"]
[BlackElo "2197"]
[TimeControl "180+0"]
[Result "0-1"]

1. e4 e6 2. Nc3 Nc6 3. Nf3 Nf6 4. Bb5 d6 5. d4 Bd7 6. O-O 
a6 7. Bxc6 Bxc6 8. d5 exd5 9. exd5 Bd7 10. Qe2+ Qe7 11. Qxe7+ Bxe7 
12. Ng5 P@h3 13. gxh3 Nxd5 14. Nxd5 Bxg5 15. Bxg5 N@f3+ 16. Kg2 Bxh3+ 17. Kxf3 
Q@g4+ 18. Ke3 B@c5+ 19. Kd3 Qxg5 20. Nxc7+ Kd7 21. P@d5 Bf5+ 22. Kc3 B@a5+ 
23. Kb3 Bxc2+ 24. Kxc2 Qd2+ 25. Kb3 P@c4+ 26. Kxc4 b5+ 27. Nxb5 axb5+ 28. Kxb5 
Qd3# 
{XXNoWay resigns} 0-1

[Event "fics rated crazyhouse match"]
[Site "fics, Oklahoma City, OK USA"]
[Date "2000.03.16"]
[White "Marat"]
[WhiteElo "2200"]
[Black "XXNoWay"]
[BlackElo "2378"]
[TimeControl "60+0"]
[Result "0-1"]

1. e4 e6 2. d4 Nf6 3. Nc3 d5 4. Bg5 Be7 5. Bxf6 Bxf6 6. Nf3 
dxe4 7. Nxe4 B@g4 8. Be2 Bxf3 9. Bxf3 Bxd4 10. P@e3 Bf6 11. Qxd8+ Bxd8 
12. Rd1 P@d5 13. Nc5 P@d6 14. Nd3 N@e5 15. Rg1 Nxd3+ 16. Rxd3 Q@a5+ 17. B@c3 
Qxa2 18. Bxg7 Qb1+ 19. N@d1 Rg8 20. N@h6 Rxg7 21. Q@h8+ B@f8 22. Bh5 P@g6 
23. Be2 Qxc2 24. Rc3 Qa4 25. P@f6 Bxf6 26. Nxf7 Bxc3+ 27. Nxc3 Kxf7 28. P@h6 
R@c1+ 29. Bd1 Rxd1+ 30. Nxd1 B@a5+ 31. Ke2 Qc2+ 32. Kf3 N@e1+ 33. Kg3 N@f5+ 
34. Kh3 P@g4+ 35. Kxg4 Qe4+ 36. Kh3 P@g4# 
{Marat checkmated} 0-1

[Event "fics rated crazyhouse match"]
[Site "fics, Oklahoma City, OK USA"]
[Date "2000.03.16"]
[White "XXNoWay"]
[WhiteElo "2382"]
[Black "Marat"]
[BlackElo "2196"]
[TimeControl "60+0"]
[Result "1-0"]

1. e4 Nf6 2. Nc3 d5 3. e5 Ne4 4. Nf3 Nc6 5. Bd3 Bg4 6. Bxe4 
dxe4 7. Nxe4 Nxe5 8. Nxe5 Bxd1 9. Kxd1 P@d5 10. P@d7+ Qxd7 11. Nxd7 B@g4+ 
12. B@f3 Bxd7 13. Nc5 N@e4 14. Bxe4 dxe4 15. Nxd7 P@e2+ 16. Kxe2 B@c4+ 17. d3 
exd3+ 18. cxd3 Bxd3+ 19. Kxd3 Rd8 20. B@h3 Q@d5+ 21. B@d4 P@e4+ 22. Ke3 P@f4+ 
23. Kxf4 Qxd4 24. N@f6+ exf6 25. Nxf6+ gxf6 26. P@d7+ Rxd7 27. Q@c8+ B@d8 28. Qxd7+ 
Qxd7 29. Bxd7+ Kxd7 30. R@d4+ Bd6+ 31. Kxe4 Q@e5+ 32. Kd3 Qxd4+ 33. Kxd4 B@c5+ 
34. Kc4 R@d4+ 35. Kc3 P@b4+ 36. Kc2 b3+ 37. Kb1 N@b4 38. axb3 
{Marat forfeits on time} 1-0

[Event "fics rated crazyhouse match"]
[Site "fics, Oklahoma City, OK USA"]
[Date "2000.03.16"]
[White "DoubleEdge"]
[WhiteElo "2130"]
[Black "Thufir"]
[BlackElo "2345"]
[TimeControl "120+0"]
[Result "0-1"]

1. e4 e5 2. Nf3 Nc6 3. Nc3 Bc5 4. d4 exd4 5. Nd5 P@e6 6. Nf4 
Nf6 7. Bd3 d6 8. Bd2 e5 9. Nd5 Bg4 10. Nxf6+ gxf6 11. N@g7+ Kd7 
12. Bb5 Rg8 13. h3 Bxf3 14. Qxf3 N@h4 15. B@g4+ N@e6 16. Qg3 Ng6 17. Nxe6 
fxe6 18. Bxe6+ Kxe6 19. P@d5+ Ke7 20. dxc6 B@e6 21. cxb7 N@h5 22. N@c6+ Kf8 
23. Nxd8 Rxd8 24. Qf3 N@f4 25. P@h6 Nh4 26. N@d7+ Bxd7 27. Bxd7 Nxf3+ 28. Kd1 
Q@e2+ 29. Kc1 Qxd2+ 30. Kb1 Rxd7 31. b8=Q+ B@e8 32. B@g7+ Nxg7 33. hxg7+ Rgxg7 
34. Qxe8+ Kxe8 35. B@c6 Qxc2+ 36. Kxc2 d3+ 37. Kb3 B@c2+ 38. Kc4 N@b6+ 39. Kb5 
B@c4+ 40. Ka5 Bb4+ 41. Kxb4 a5+ 42. Kxa5 Ke7 43. Bxd7 Nxd7 44. N@f5+ Kd8 
45. P@e7+ Rxe7 46. R@a8+ B@c8 47. Nxe7 P@b6+ 48. Kb4 P@c5+ 49. Ka3 P@b4# 
{DoubleEdge checkmated} 0-1

[Event "fics rated crazyhouse match"]
[Site "fics, Oklahoma City, OK USA"]
[Date "2000.03.17"]
[White "Bobeskillz"]
[WhiteElo "2222"]
[Black "Olaudah"]
[BlackElo "2229"]
[TimeControl "180+0"]
[Result "0-1"]

1. e4 e5 2. Nc3 Nc6 3. Nf3 Be7 4. Bc4 Nf6 5. O-O O-O 6. d3 
d6 7. Ng5 Nd4 8. Be3 Bg4 9. f3 Bh5 10. Bxd4 exd4 11. Ne2 B@e5 
12. f4 Ng4 13. Nxf7 Bxf7 14. fxe5 N@e3 15. Rxf7 Rxf7 16. Bxf7+ Kxf7 17. e6+ 
Kf8 18. R@h8+ R@g8 19. Rxg8+ Kxg8 20. P@f7+ Kh8 21. R@g8+ Qxg8 22. fxg8=Q+ Kxg8 
23. N@f7 P@f2+ 24. Kh1 R@e1+ 25. Qxe1 fxe1=Q+ 26. Rxe1 Nf2+ 27. Kg1 R@h1+ 28. Kxf2 
Ng4+ 29. Kf3 Q@e3+ 30. Kxg4 h5+ 31. Kxh5 Rxh2+ 32. P@h3 g6+ 33. Kxg6 P@h7+ 
34. Kh5 Rxh3+ 35. gxh3 Qxh3+ 36. P@h4 Qxh4# 
{Bobeskillz checkmated} 0-1

[Event "fics rated crazyhouse match"]
[Site "fics, Oklahoma City, OK USA"]
[Date "2000.03.17"]
[White "Olaudah"]
[WhiteElo "2237"]
[Black "Bobeskillz"]
[BlackElo "2214"]
[TimeControl "180+0"]
[Result "0-1"]

1. e4 e6 2. Nc3 Nc6 3. Nf3 Bb4 4. a3 Ba5 5. Be2 Nf6 6. d3 
d5 7. O-O Bxc3 8. bxc3 dxe4 9. dxe4 Qxd1 10. Rxd1 Nxe4 11. Bg5 P@f6 
12. Bxf6 gxf6 13. P@g7 Rg8 14. Q@h8 N@h3+ 15. gxh3 Q@g6+ 16. P@g2 Qxg7 17. Qxg7 
Rxg7 18. B@e7 Kxe7 19. N@g4 B@c5 20. Nd4 Bxd4 21. Rxd4 Rxg4 22. Bxg4 B@d5 
23. Rxe4 Bxe4 24. N@g8+ Kd8 25. R@f8+ Kd7 26. Nxf6+ Ke7 27. Re8+ Kxf6 28. B@h4+ 
P@g5 29. Bxg5+ Kxg5 30. Q@h4+ Kg6 31. Qh5+ Kg7 32. P@h6+ Kf6 33. P@g5+ Ke5 
34. g6+ P@f5 35. gxf7 R@h1+ 36. Kxh1 Bxg2+ 37. Kxg2 N@f4+ 38. Kg3 Q@g2+ 39. Kh4 
B@f6+ 40. P@g5 N@f3+ 41. Bxf3 Qxh3# 
{Olaudah checkmated} 0-1

[Event "fics rated crazyhouse match"]
[Site "fics, Oklahoma City, OK USA"]
[Date "2000.03.17"]
[White "Bobeskillz"]
[WhiteElo "2223"]
[Black "Olaudah"]
[BlackElo "2228"]
[TimeControl "180+0"]
[Result "1-0"]

1. e4 e6 2. Nc3 d6 3. d4 Be7 4. Nf3 Nf6 5. Bb5+ c6 6. Bd3 
O-O 7. e5 Ng4 8. h3 Nxf2 9. Kxf2 dxe5 10. dxe5 Bh4+ 11. Nxh4 Qxh4+ 
12. P@g3 Qd4+ 13. B@e3 Qxe5 14. N@g4 Qd6 15. Ne4 Qe7 16. Bc5 Qe8 17. Ngf6+ 
gxf6 18. Nxf6+ Kh8 19. P@g7# 
{Olaudah resigns} 1-0

[Event "fics rated crazyhouse match"]
[Site "fics, Oklahoma City, OK USA"]
[Date "2000.03.17"]
[White "Olaudah"]
[WhiteElo "2220"]
[Black "Bobeskillz"]
[BlackElo "2231"]
[TimeControl "180+0"]
[Result "0-1"]

1. e4 e6 2. d4 Nc6 3. Nf3 Nf6 4. Nc3 Bb4 5. Bd3 d5 6. exd5 
exd5 7. Bb5 Qe7+ 8. P@e5 Ne4 9. Bd2 Nxd2 10. Qxd2 Bxc3 11. bxc3 N@e4 
12. Qe3 B@h6 13. B@f4 Bxf4 14. Qxf4 B@h6 15. B@f6 Nxf6 16. N@g5 Ne4 17. Bxc6+ 
bxc6 18. O-O Bxg5 19. Nxg5 Qxg5 20. Qxg5 Nxg5 21. Q@e3 B@f3 22. Qxg5 N@h3+ 
23. Kh1 Q@g1+ 24. Rxg1 Nxf2# 
{Olaudah checkmated} 0-1

[Event "fics rated crazyhouse match"]
[Site "fics, Oklahoma City, OK USA"]
[Date "2000.03.17"]
[White "spurs"]
[WhiteElo "2256"]
[Black "Bobeskillz"]
[BlackElo "2231"]
[TimeControl "180+0"]
[Result "0-1"]

1. d4 e6 2. Nf3 Nc6 3. Nc3 Bb4 4. Bg5 f6 5. Bd2 Nge7 6. e4 
d5 7. exd5 Nxd5 8. Nxd5 Bxd2+ 9. Qxd2 Qxd5 10. N@c3 B@a5 11. Nxd5 Bxd2+ 
12. Nxd2 exd5 13. Bb5 N@f4 14. Bxc6+ bxc6 15. B@f3 B@a6 16. P@e2 P@e4 17. B@g4 
exf3 18. Bxc8 Nxg2+ 19. Kd1 fxe2+ 20. Kc1 Q@d1+ 21. Rxd1 exd1=Q+ 22. Kxd1 P@e2+ 
23. Kc1 R@d1# 
{spurs checkmated} 0-1

[Event "fics rated crazyhouse match"]
[Site "fics, Oklahoma City, OK USA"]
[Date "2000.03.17"]
[White "Bobeskillz"]
[WhiteElo "2240"]
[Black "spurs"]
[BlackElo "2247"]
[TimeControl "180+0"]
[Result "1-0"]

1. e4 e6 2. Nc3 d5 3. exd5 exd5 4. d4 Bd7 5. Nxd5 Ne7 6. Qe2 
P@e6 7. Nxe7 Bxe7 8. N@h5 Rg8 9. Qd3 N@f5 10. P@g4 g6 11. gxf5 gxh5 
12. fxe6 Bxe6 13. Qxh7 N@f6 14. Qd3 P@e4 15. Qd2 Nc6 16. P@e5 e3 17. fxe3 
Nxe5 18. Bb5+ c6 19. dxe5 Qxd2+ 20. Kxd2 Ne4+ 21. Kd1 Nf2+ 22. Ke2 Q@d1+ 
23. Kxf2 Rxg2+ 24. Kxg2 P@h3+ 25. Kf2 cxb5 26. N@g7+ Kd7 27. R@d2+ Qxd2+ 28. Bxd2 
R@g2+ 29. Kf1 Rxg1+ 30. Rxg1 P@g2+ 31. Ke1 N@f3+ 32. Kf2 Nxd2 33. N@f6+ Bxf6 
34. Q@d6+ Kc8 35. Q@c7# 
{spurs checkmated} 1-0

[Event "fics rated crazyhouse match"]
[Site "fics, Oklahoma City, OK USA"]
[Date "2000.03.17"]
[White "Bobeskillz"]
[WhiteElo "2256"]
[Black "spurs"]
[BlackElo "2231"]
[TimeControl "180+0"]
[Result "0-1"]

1. e4 e6 2. Nc3 d5 3. exd5 exd5 4. Bb5+ P@c6 5. Qe2+ Be7 6. Bd3 
Nf6 7. P@e5 Nfd7 8. Bf5 Nc5 9. Bxc8 Qxc8 10. d4 Ne6 11. Nf3 B@g4 
12. Be3 Nxd4 13. Bxd4 P@e4 14. Nxe4 dxe4 15. Qxe4 Bxf3 16. Qxf3 N@h4 17. Qg3 
N@f5 18. Qg4 Nxg2+ 19. Qxg2 Nxd4 20. Qxg7 Nxc2+ 21. Kd2 B@f4+ 22. P@e3 Rf8 
23. exf4 Nxa1 24. Rxa1 Qd7+ 25. P@d3 P@e4 26. B@c4 P@d5 27. N@c5 Bxc5 28. N@f6+ 
Kd8 29. Nxd7 N@f3+ 30. Kc1 Nxd7 31. B@f6+ Nxf6 32. Qxf6+ B@e7 33. B@g4 N@e2+ 
34. Kc2 Ned4+ 35. Kb1 R@e1+ 36. N@c1 Nd2# 
{Bobeskillz checkmated} 0-1

[Event "fics rated crazyhouse match"]
[Site "fics, Oklahoma City, OK USA"]
[Date "2000.03.17"]
[White "spurs"]
[WhiteElo "2240"]
[Black "Bobeskillz"]
[BlackElo "2247"]
[TimeControl "60+0"]
[Result "1-0"]

1. d4 e6 2. Nf3 Nc6 3. Nc3 Nf6 4. Bg5 Bb4 5. Bxf6 Qxf6 6. e4 
d6 7. Bb5 Bxc3+ 8. bxc3 B@b2 9. B@d2 Qg6 10. Bxc6+ bxc6 11. N@f4 Qxe4+ 
12. N@e3 Qxf4 13. Rb1 Bxc3 14. Bxc3 B@a6 15. B@e2 Bxe2 16. Qxe2 B@a6 17. B@d3 
P@c4 18. Nxc4 Bxc4 19. Bxc4 P@e4 20. Nd2 N@h4 21. B@f1 N@f3+ 22. gxf3 exf3 
23. Qd3 P@g2 24. Bxg2 Nxg2+ 25. Kd1 B@e2+ 26. Kc1 Bxd3 27. Bxd3 N@e2+ 28. Bxe2 
fxe2 29. N@d3 Q@d1+ 30. Rxd1 exd1=Q+ 31. Kxd1 R@f1+ 32. B@e1 
{Bobeskillz forfeits on time} 1-0

[Event "fics rated crazyhouse match"]
[Site "fics, Oklahoma City, OK USA"]
[Date "2000.03.17"]
[White "Bobeskillz"]
[WhiteElo "2239"]
[Black "spurs"]
[BlackElo "2248"]
[TimeControl "60+0"]
[Result "0-1"]

1. e4 e6 2. Nc3 d5 3. exd5 exd5 4. Bb5+ Bd7 5. Qe2+ Qe7 6. Bxd7+ 
Nxd7 7. Nxd5 Qxe2+ 8. Nxe2 Bd6 9. d4 P@e6 10. B@c5 exd5 11. Bxd6 cxd6 
12. B@a4 B@c6 13. Bxc6 bxc6 14. P@b7 Rb8 15. P@c7 N@b6 16. cxb8=Q+ Nxb8 17. R@c8+ 
B@d8 18. Rxb8 B@c7 19. Rxd8+ Kxd8 20. B@a5 Ne7 21. Bxb6 axb6 22. B@h4 P@f6 
23. b8=Q+ Bxb8 24. N@b7+ Kc8 25. Q@a6 R@c7 26. Nxd6+ Kd7 27. Nxf7 Q@e6 28. Qxb6 
Qxf7 29. N@c5+ Kc8 30. Qxc7+ Bxc7 
{Bobeskillz forfeits on time} 0-1

[Event "fics rated crazyhouse match"]
[Site "fics, Oklahoma City, OK USA"]
[Date "2000.03.17"]
[White "spurs"]
[WhiteElo "2256"]
[Black "Bobeskillz"]
[BlackElo "2231"]
[TimeControl "60+0"]
[Result "1-0"]

1. d4 e6 2. Nc3 Nf6 3. Nf3 Bb4 4. Bd2 Nc6 5. e3 d5 6. Bb5 
Bxc3 7. Bxc3 Bd7 8. Bxc6 Bxc6 9. B@h4 B@e7 10. Ne5 Ne4 11. Bxe7 Qxe7 
12. N@h5 f6 13. B@f7+ Kd8 14. Nxc6+ bxc6 15. Bxe6 Qxe6 16. Nxg7 Qf7 17. Nf5 
Nxf2 18. Kxf2 P@e4 19. P@e7+ Kc8 20. P@b7+ Kxb7 21. N@c5+ Kb8 22. B@e6 P@f4 
23. Bxf7 fxe3+ 24. Nxe3 B@a6 25. e8=Q+ Rxe8 26. Bxe8 B@h4+ 27. P@g3 N@d3+ 28. cxd3 
{Bobeskillz forfeits on time} 1-0

[Event "fics rated crazyhouse match"]
[Site "fics, Oklahoma City, OK USA"]
[Date "2000.03.17"]
[White "spurs"]
[WhiteElo "2270"]
[Black "Bobeskillz"]
[BlackElo "2217"]
[TimeControl "60+0"]
[Result "0-1"]

1. d4 e6 2. e4 Nf6 3. Bg5 Be7 4. Bxf6 Bxf6 5. Nc3 Nc6 6. Nf3 
B@h5 7. Bb5 Bxf3 8. gxf3 Nxd4 9. Bf1 N@e5 10. B@g2 P@h3 11. Qxd4 hxg2 
12. Bxg2 Nxf3+ 13. Bxf3 Bxd4 14. O-O-O Bxc3 15. bxc3 B@a3+ 16. Kd2 Qg5+ 17. B@e3 
N@c4+ 18. Ke2 Nxe3 19. fxe3 B@a6+ 20. P@d3 Bc5 21. N@h3 Qxe3+ 22. Kf1 Q@f2# 
{spurs resigns} 0-1

[Event "fics rated crazyhouse match"]
[Site "fics, Oklahoma City, OK USA"]
[Date "2000.03.18"]
[White "Lomboc"]
[WhiteElo "2192"]
[Black "Eyefor"]
[BlackElo "2386"]
[TimeControl "60+0"]
[Result "0-1"]

1. e4 Nf6 2. Nc3 e6 3. d4 Nc6 4. Nf3 d5 5. Bg5 dxe4 6. Nxe4 
P@g4 7. Nxf6+ gxf6 8. Bxf6 Qxf6 9. P@e5 B@a5+ 10. c3 Nxd4 11. exf6 N@c2+ 
12. Kd2 P@e3+ 13. fxe3 Bxc3+ 14. bxc3 Nxf3+ 15. Kxc2 N@e1+ 16. Kb2 P@d2 17. N@g7+ 
Kd7 18. Q@e8+ Kd6 19. N@e4+ Kd5 20. Qb5+ Kxe4 21. B@d3+ Nxd3+ 22. Qxd3+ Ke5 
23. gxf3 B@a3+ 24. Kc2 N@e1# 
{Lomboc forfeits on time} 0-1

[Event "fics rated crazyhouse match"]
[Site "fics, Oklahoma City, OK USA"]
[Date "2000.03.18"]
[White "Eyefor"]
[WhiteElo "2390"]
[Black "Lomboc"]
[BlackElo "2188"]
[TimeControl "60+0"]
[Result "1-0"]

1. e4 e6 2. d4 d5 3. exd5 exd5 4. Bb5+ Nc6 5. Qe2+ P@e6 6. Bxc6+ 
bxc6 7. N@e5 Bd7 8. Nc3 Nf6 9. P@g5 Ng8 10. Ngf3 Bb4 11. Nxd7 Qxd7 
12. Ne5 Qd6 13. B@g3 B@d7 14. Nxf7 Kxf7 15. Bxd6 Bxd6 16. P@e5 Be7 17. Q@b7 
Rc8 18. Qxa7 B@b6 19. Qa4 Bxd4 20. Qxd4 c5 21. Qf4+ P@f5 22. P@b7 Rb8 
23. Nxd5 exd5 24. P@a7 Rxb7 25. a8=Q N@d4 26. Qxd4 cxd4 27. e6+ Bxe6 28. N@e5# 
{Lomboc checkmated} 1-0